General information
- name: BNet
- type: Ladder team game (AT/RT)
- host: Battle.net
- saver: fineX
map: BloodstoneMesa
- players: 6
- length: 25:06
- speed: Fast
- version: 1.23 W3XP
- replay type: Public
» download(122 KB)
Players
team 1 (winner)
Erz (
green | 98 APM | 2110 actions | 21:29)
4 Blademaster
2 Wind Walk
2 Critical Strike
3 Shadow Hunter
1 Hex
2 Healing Wave
» actions
| Assign group hotkey | 629 | |
| Basic commands | 61 | |
| Build / train | 55 | |
| ESC pressed | 10 | |
| Enter build submenu | 27 | |
| Enter hero's abilities submenu | 7 | |
| Give item / drop item | 6 | |
| Right click | 625 | |
| Select / deselect | 110 | |
| Select group hotkey | 471 | |
| Use ability | 107 | |
2110 total
» units
| Peon | 14 | |
| Shaman | 4 | |
| Spirit Walker | 2 | |
20 total
» upgrades
| Reinforced Defenses | 1 | |
| Shaman Training | 2 | |
3 total
» buildings
| Altar of Storms | 1 | |
| Orc Burrow | 5 | |
| War Mill | 1 | |
| Watch Tower | 19 | |
| Voodoo Lounge | 2 | |
| Stronghold | 1 | |
| Fortress | 1 | |
| Beastiary | 3 | |
| Spirit Lodge | 1 | |
34 total
» build order
00:05 Altar of Storms
00:17 Orc Burrow
00:45 War Mill
02:09 Watch Tower
02:09 Watch Tower
02:39 Voodoo Lounge
02:59 Stronghold
03:45 Watch Tower
03:56 Watch Tower
03:56 Watch Tower
03:57 Watch Tower
04:15 Watch Tower
04:15 Watch Tower
04:26 Orc Burrow
05:16 Watch Tower
05:17 Watch Tower
05:17 Watch Tower
05:18 Watch Tower
05:19 Watch Tower
05:19 Watch Tower
05:35 Orc Burrow
07:03 Fortress
08:11 Beastiary
08:12 Beastiary
08:15 Beastiary
08:43 Orc Burrow
08:44 Orc Burrow
11:09 Spirit Lodge
14:38 Watch Tower
14:39 Watch Tower
14:39 Watch Tower
14:39 Watch Tower
14:40 Watch Tower
21:17 Voodoo Lounge
» items
| Healing Salve | 7 | |
| Lesser Clarity Potion | 5 | |
| Scroll of Speed | 2 | |
| Orb of Lightning | 2 | |
| Tiny Great Hall | 1 | |
| Scroll of Town Portal | 1 | |
18 total
fineX (
teal | 100 APM | 2502 actions | 25:06)
6 Blood Mage
3 Flame Strike
2 Banish
1 Summon Phoenix
» actions
| Assign group hotkey | 860 | |
| Basic commands | 6 | |
| Build / train | 68 | |
| Enter build submenu | 34 | |
| Enter hero's abilities submenu | 7 | |
| Remove unit from queue | 9 | |
| Right click | 915 | |
| Select / deselect | 180 | |
| Select group hotkey | 310 | |
| Use ability | 113 | |
2502 total
» units
» upgrades
| Masonry | 3 | |
| Gunpowder | 3 | |
| Armor | 2 | |
| Lumber Harvesting | 1 | |
| Flare | 1 | |
| Fragmentation Shards | 1 | |
| Magic Sentry | 1 | |
12 total
» buildings
| Altar of Kings | 1 | |
| Farm | 7 | |
| Lumber Mill | 1 | |
| Scout Tower | 50 | |
| Guard Tower | 20 | |
| Keep | 2 | |
| Arcane Tower | 2 | |
| Blacksmith | 1 | |
| Arcane Vault | 1 | |
| Workshop | 2 | |
| Castle | 1 | |
| Arcane Sanctum | 1 | |
| Town Hall | 1 | |
90 total
» build order
00:04 Altar of Kings
00:06 Farm
00:20 Lumber Mill
01:28 Scout Tower
01:36 Scout Tower
02:03 Guard Tower
02:06 Scout Tower
02:10 Scout Tower
02:11 Scout Tower
02:34 Guard Tower
02:37 Scout Tower
02:38 Scout Tower
03:16 Guard Tower
03:18 Scout Tower
03:19 Scout Tower
03:21 Scout Tower
03:22 Scout Tower
03:24 Scout Tower
04:07 Keep
04:14 Farm
04:16 Farm
04:18 Arcane Tower
04:21 Arcane Tower
04:22 Guard Tower
04:31 Guard Tower
04:55 Guard Tower
06:08 Scout Tower
06:09 Farm
06:10 Farm
06:30 Keep
07:09 Guard Tower
07:18 Blacksmith
07:23 Farm
07:26 Arcane Vault
08:23 Farm
10:09 Workshop
10:10 Workshop
11:18 Castle
12:54 Scout Tower
13:18 Arcane Sanctum
13:40 Scout Tower
13:41 Scout Tower
13:42 Scout Tower
13:43 Scout Tower
13:44 Scout Tower
13:45 Scout Tower
13:48 Scout Tower
13:50 Scout Tower
13:54 Scout Tower
13:55 Scout Tower
13:56 Scout Tower
14:21 Guard Tower
14:54 Guard Tower
15:06 Guard Tower
15:08 Guard Tower
15:43 Guard Tower
15:44 Scout Tower
15:45 Scout Tower
15:45 Scout Tower
16:11 Scout Tower
16:11 Scout Tower
16:11 Scout Tower
16:12 Scout Tower
16:13 Guard Tower
16:22 Guard Tower
16:47 Guard Tower
17:53 Guard Tower
17:54 Scout Tower
17:54 Scout Tower
18:49 Guard Tower
18:51 Guard Tower
18:52 Scout Tower
18:53 Scout Tower
19:47 Guard Tower
20:36 Guard Tower
21:22 Town Hall
21:29 Scout Tower
23:09 Scout Tower
23:09 Scout Tower
23:10 Scout Tower
23:10 Scout Tower
» items
| Healing Salve | 1 | |
| Lesser Clarity Potion | 2 | |
3 total
GapInTheTooth (
yellow | 52 APM | 1297 actions | 25:05)
4 Archmage
2 Blizzard
2 Brilliance Aura
» actions
| Assign group hotkey | 3 | |
| Basic commands | 26 | |
| Build / train | 81 | |
| ESC pressed | 5 | |
| Enter build submenu | 50 | |
| Enter hero's abilities submenu | 4 | |
| Give item / drop item | 1 | |
| Remove unit from queue | 4 | |
| Right click | 504 | |
| Select / deselect | 321 | |
| Select group hotkey | 9 | |
| Use ability | 289 | |
1297 total
» units
» upgrades
| Masonry | 3 | |
| Lumber Harvesting | 2 | |
| Magic Sentry | 1 | |
| Sorceress Training | 1 | |
| Priest Training | 2 | |
| Animal War Training | 1 | |
| Swords | 2 | |
| Plating | 3 | |
15 total
» buildings
| Altar of Kings | 1 | |
| Lumber Mill | 1 | |
| Farm | 10 | |
| Scout Tower | 34 | |
| Arcane Tower | 2 | |
| Guard Tower | 23 | |
| Arcane Vault | 1 | |
| Keep | 2 | |
| Town Hall | 1 | |
| Castle | 1 | |
| Arcane Sanctum | 2 | |
| Gryphon Aviary | 1 | |
| Barracks | 2 | |
| Blacksmith | 1 | |
82 total
» build order
00:11 Altar of Kings
00:17 Lumber Mill
00:23 Farm
01:04 Scout Tower
01:08 Scout Tower
01:13 Scout Tower
01:31 Farm
01:41 Arcane Tower
01:47 Scout Tower
02:07 Guard Tower
02:19 Scout Tower
02:22 Guard Tower
02:33 Scout Tower
02:45 Scout Tower
02:46 Scout Tower
02:49 Guard Tower
02:57 Scout Tower
03:12 Guard Tower
03:17 Scout Tower
03:18 Scout Tower
03:20 Guard Tower
03:24 Scout Tower
03:25 Scout Tower
03:38 Scout Tower
03:39 Guard Tower
03:48 Scout Tower
03:56 Guard Tower
04:07 Guard Tower
04:13 Scout Tower
04:18 Scout Tower
04:23 Arcane Vault
04:39 Guard Tower
04:42 Scout Tower
04:53 Arcane Tower
05:13 Scout Tower
05:15 Guard Tower
06:48 Guard Tower
06:54 Scout Tower
06:55 Scout Tower
06:56 Scout Tower
08:00 Guard Tower
08:03 Keep
08:09 Scout Tower
08:11 Scout Tower
08:20 Scout Tower
08:27 Scout Tower
08:28 Guard Tower
08:45 Scout Tower
08:46 Scout Tower
08:47 Scout Tower
08:49 Guard Tower
08:52 Scout Tower
08:57 Scout Tower
08:58 Guard Tower
09:09 Scout Tower
09:17 Scout Tower
09:18 Guard Tower
09:27 Guard Tower
10:19 Town Hall
10:22 Guard Tower
10:42 Guard Tower
10:47 Guard Tower
10:57 Scout Tower
11:02 Guard Tower
12:08 Castle
12:10 Guard Tower
12:47 Guard Tower
13:04 Arcane Sanctum
13:16 Arcane Sanctum
14:14 Keep
15:06 Gryphon Aviary
15:12 Barracks
15:13 Barracks
16:46 Blacksmith
18:13 Farm
18:14 Farm
18:14 Farm
18:27 Farm
18:27 Farm
18:27 Farm
18:28 Farm
» items
| Lesser Clarity Potion | 1 | |
| Scroll of Regeneration | 3 | |
| Potion of Healing | 3 | |
| Staff of Sanctuary | 1 | |
| Potion of Mana | 1 | |
9 total
team 2 (loser)
Elffy (
red | 40 APM | 996 actions | 25:05)
2 Blademaster
1 Wind Walk
1 Critical Strike
» actions
| Assign group hotkey | 11 | |
| Basic commands | 35 | |
| Build / train | 26 | |
| Enter build submenu | 13 | |
| Enter hero's abilities submenu | 2 | |
| Right click | 542 | |
| Select / deselect | 140 | |
| Select group hotkey | 191 | |
| Use ability | 36 | |
996 total
» units
» upgrades
» buildings
| Altar of Storms | 1 | |
| Orc Burrow | 5 | |
| Voodoo Lounge | 1 | |
| Barracks | 1 | |
| Stronghold | 1 | |
| Fortress | 1 | |
| War Mill | 1 | |
| Great Hall | 1 | |
12 total
» build order
00:05 Altar of Storms
00:15 Orc Burrow
00:27 Voodoo Lounge
01:29 Barracks
01:54 Orc Burrow
04:57 Stronghold
05:59 Orc Burrow
06:33 Orc Burrow
07:30 Fortress
09:50 Orc Burrow
10:03 War Mill
17:47 Great Hall
» items
| Healing Salve | 1 | |
| Lesser Clarity Potion | 2 | |
| Scroll of Healing | 2 | |
5 total
starcraftwarboy (
orange | 22 APM | 562 actions | 25:05)
2 Archmage
1 Summon Water Elemental
1 Brilliance Aura
» actions
| Assign group hotkey | 1 | |
| Basic commands | 30 | |
| Build / train | 50 | |
| ESC pressed | 3 | |
| Enter build submenu | 9 | |
| Enter hero's abilities submenu | 2 | |
| Right click | 171 | |
| Select / deselect | 241 | |
| Use ability | 55 | |
562 total
» units
» upgrades
» buildings
| Altar of Kings | 1 | |
| Barracks | 1 | |
| Farm | 6 | |
| Arcane Vault | 1 | |
| Keep | 2 | |
11 total
» build order
00:14 Altar of Kings
00:22 Barracks
00:25 Farm
01:08 Farm
01:49 Farm
03:24 Farm
03:52 Farm
04:19 Arcane Vault
08:12 Keep
08:13 Keep
08:51 Farm
The-Dark-Lord. (
pink | 25 APM | 617 actions | 25:05)
4 Death Knight
2 Death Coil
2 Death Pact
» actions
| Assign group hotkey | 8 | |
| Basic commands | 37 | |
| Build / train | 40 | |
| Enter build submenu | 17 | |
| Enter hero's abilities submenu | 4 | |
| Remove unit from queue | 2 | |
| Right click | 226 | |
| Select / deselect | 122 | |
| Select group hotkey | 121 | |
| Use ability | 40 | |
617 total
» units
| Acolyte | 6 | |
| Ghoul | 6 | |
| Crypt Fiend | 10 | |
| Frost Wyrm | 1 | |
23 total
» upgrades
| Web | 1 | |
| Creature Attack | 1 | |
| Creature Carapace | 1 | |
3 total
» buildings
| Altar of Darkness | 1 | |
| Ziggurat | 6 | |
| Crypt | 1 | |
| Graveyard | 1 | |
| Nerubian Tower | 2 | |
| Halls of the Dead | 1 | |
| Tomb of Relics | 1 | |
| Sacrificial Pit | 1 | |
| Black Citadel | 1 | |
| Boneyard | 4 | |
| Necropolis | 1 | |
| Spirit Tower | 2 | |
22 total
» build order
00:13 Altar of Darkness
00:16 Ziggurat
00:30 Crypt
01:05 Graveyard
01:16 Nerubian Tower
01:34 Ziggurat
02:27 Nerubian Tower
04:01 Ziggurat
04:39 Ziggurat
06:12 Halls of the Dead
07:35 Tomb of Relics
08:44 Sacrificial Pit
08:46 Black Citadel
11:44 Boneyard
11:48 Boneyard
12:00 Boneyard
12:03 Boneyard
13:37 Ziggurat
13:40 Ziggurat
19:55 Necropolis
23:41 Spirit Tower
23:42 Spirit Tower
» items
Chat log
(00:10 / Allies) fineX: i think the producers
(00:14 / Allies) fineX: tried to make it easier to understand tho
(00:23 / Allies) fineX: theres a lot of flashback etc.
(00:26 / Allies) Erz: i could always read a comic anyway
(00:32 / Allies) fineX: its a p. good comic
(00:36 / All) starcraftwarboy: SHUT THE FUCK UP
(00:37 / Allies) Erz: i used to buy spiderman comics
(00:41 / Allies) Erz: when i was a wee boy
(00:44 / Allies) fineX: i read batman comics sometimes
(01:05 / Allies) fineX: not the ones that are like a series though
(01:59 / Allies) fineX: shitty spawn for me
(02:12 / Allies) Erz: theres 2 entrances
(02:15 / Allies) fineX: ys
(02:21 / Allies) Erz: god
(02:23 / Allies) Erz: bad map
(02:24 / Allies) fineX: haha gap owned
(02:43 / Allies) fineX: noob
(03:13 / Allies) fineX: aoe and kill ike 10 pes
(03:34 / All) starcraftwarboy: FUCK U BITCH
(03:43 / Allies) fineX: more tower erz
(03:45 / Allies) fineX: u nvr have tower
(03:53 / Allies) GapInTheTooth: that burrow weak
(05:51 / All) fineX: NT
(06:16 / Allies) fineX: flamestrike thru
(06:20 / Allies) fineX: gogo
(06:41 / Allies) fineX: foot
(07:04 / All) fineX: how u doin oj
(07:25 / All) starcraftwarboy: im feeling good i just fucked ur mom last night
(07:30 / All) fineX: grats
(07:32 / All) fineX: you now have crabs
(07:58 / All) starcraftwarboy: naw but ur moms pussy is sagy from my huge dick
(08:02 / All) fineX: also you fucked ur aunt
(08:34 / Allies) fineX: lets do it
(08:50 / Allies) fineX: cj
(10:14 / Allies) fineX: lmao
(10:23 / All) Erz: why dont ur ally help u..
(10:34 / All) starcraftwarboy: cause thier fucking each other
(10:36 / All) GapInTheTooth: too busy being owned by level 1 am
(10:37 / All) Elffy: cuz he is a dumb fuck
(10:44 / All) fineX: me and ur mom arent ur allies
(10:55 / Allies) fineX: lmfao
(10:56 / Allies) Erz: lmao
(10:59 / Allies) Erz: easiest game ever
(11:13 / All) starcraftwarboy: hmmm i htink we are winning
(11:20 / All) Elffy: gg
(11:33 / All) starcraftwarboy: ima pwn u guys in the asshole
(11:36 / All) fineX: lol u peasant cant enter mine
(11:41 / All) Erz: u gay?
(11:50 / All) starcraftwarboy: no
(11:51 / Allies) fineX: make him mine bro
(11:54 / All) fineX: make him mine bro
(11:56 / Allies) fineX: get dat gold
(11:59 / All) fineX: get dat gold
(12:05 / All) starcraftwarboy: wooot
(12:06 / Allies) GapInTheTooth: lol these guys are so bad
(12:42 / All) starcraftwarboy: WTF THIER HELPING ME!!!
(12:48 / All) Elffy: ill help u guys
(13:02 / All) starcraftwarboy: lol he took out my main
(13:38 / All) Elffy: watch the replay of this game
(13:44 / All) Erz: why
(13:47 / All) starcraftwarboy: YAH WE SUCK ASSHOLE
(13:51 / All) Elffy: lol
(14:18 / Allies) fineX: wood
(14:35 / All) Elffy: ok pink is only one with a main
(14:48 / All) starcraftwarboy: and its half way done
(14:58 / All) Erz: your: noob
(15:49 / All) starcraftwarboy: ask ur mom if her pussy hurts from last niight
(15:59 / All) Erz: why
(16:14 / All) Erz: cus u gay?
(16:16 / All) starcraftwarboy: cause i fucked her all over last night
(16:19 / All) fineX: 2mm wouldnt hurt shit
(16:43 / All) starcraftwarboy: UR mom told u??
(16:44 / All) fineX: Q 4 U: what do they use below inches in ur country???????????
(16:48 / All) starcraftwarboy: darn
(17:01 / All) starcraftwarboy: ur moms pussy
(17:17 / All) fineX: so below that do they use ur dick
(17:20 / All) fineX: eqv: picometers
(17:34 / All) starcraftwarboy: yep
(18:01 / All) Erz: GG NOOBS
(18:01 / All) starcraftwarboy: MY Q 4 U is y im talking about pussy while u talking about my DICk u GAY?
(18:11 / All) fineX: your not talking about pussy
(18:15 / All) Erz: Yeah
(18:17 / All) Erz: your gay
(18:18 / All) Erz: lol
(18:19 / All) fineX: u gay
(18:36 / All) fineX: btw your a compleat and terribel noob
(18:45 / All) Erz: u love to have male humans put their sexual organ in your butts
(18:54 / All) fineX: Ew!
(18:55 / Allies) fineX: wood
(19:01 / All) starcraftwarboy: go fuck a goat
(19:10 / All) fineX: y u talkin bout fuckin goats
(19:13 / All) fineX: u in 2 animals too?/?
(19:16 / All) fineX: but only guy animals rite
(19:19 / All) The-Dark-Lord.: y u running teal
(19:25 / All) fineX: save u base
(19:27 / All) The-Dark-Lord.: faggit
(19:35 / All) starcraftwarboy: awwww does ur pussy hurt?
(19:49 / Allies) fineX: wood
(20:17 / Allies) Erz: gaye items
(20:19 / Allies) fineX: i have so much protection!
(20:24 / All) fineX: i have +10 protection
(20:30 / All) fineX: means i can fuck all u moms w/o pregnancy!!!
(20:31 / All) fineX: yay!!
(20:39 / All) Erz: your..GAY
(20:40 / All) Erz: LOL
(20:46 / All) fineX: ya dat too
(20:54 / All) starcraftwarboy: WHEN U WERE BORN UR MOM SUED TROJEN
(20:57 / Allies) fineX: wtf u steal my item
(21:02 / Allies) fineX: ok there we go
(21:09 / All) fineX: when u was born
(21:14 / All) fineX: doctor fished u out of outhouse
(21:29 / All) The-Dark-Lord.: d
(21:29 / All) The-Dark-Lord.: d
(21:31 / All) Elffy: dont worry when star was born his mom sued MGD
(22:17 / All) fineX: y u runnin
(22:26 / All) starcraftwarboy: Y SOO SILENT????
(22:33 / All) fineX: fuck niggers
(22:34 / All) starcraftwarboy: U HAVE ANOTHER DUCK IN UR MOUTH
(22:43 / All) fineX: y u runin?
(22:46 / All) starcraftwarboy: THATS WHAT UR MOMS SAYSS EVERY NIGHT
(22:59 / All) fineX: Y U RUNNIN
(23:01 / All) The-Dark-Lord.: do any of u play sports
(23:04 / All) fineX: yes
(23:10 / All) The-Dark-Lord.: or just have noooo life
(23:12 / All) fineX: Do u?
(23:14 / All) The-Dark-Lord.: what sjports
(23:20 / All) The-Dark-Lord.: soccer
(23:23 / All) fineX: lol soccer
(23:25 / All) fineX: aka fag sport
(23:31 / All) The-Dark-Lord.: ya
(23:35 / All) The-Dark-Lord.: no u
(23:47 / All) fineX: tennis and polo bitch
(23:51 / Allies) fineX: wtf is polo anyway
(24:03 / All) starcraftwarboy: UR mom made a new sport last night... its called how many dicks she can shuv in her mouth
(24:06 / All) The-Dark-Lord.: woow too of the gayest sports ever
(24:08 / All) Elffy: u guys r gay
(24:11 / All) fineX: ur gay
(24:12 / All) The-Dark-Lord.: u r the total nerd
(24:19 / All) fineX: if tennis is gay
(24:23 / All) Elffy: no teal not u fucking oj
(24:26 / All) fineX: then your a fruity fuck
(24:28 / All) The-Dark-Lord.: good comeback
(24:41 / All) fineX: lol u think soccer is less gay than tennis
(24:51 / All) The-Dark-Lord.: i dont play soccer
(24:54 / All) fineX: oh
(24:56 / All) fineX: thought so
(24:57 / All) The-Dark-Lord.: i was asking if u did fag
(25:05 / All) starcraftwarboy: FUCK